 Dungeon Crawl Stone Soup version 0.25-a0-558-g78a2afb0af (webtiles) character file.

Game seed: 12094314098391182511, levelgen mode: deterministic

72 Eurus the Conjurer (level 4, -3/32 HPs)
             Began as a Mummy Conjurer on Feb 25, 2020.
             Was an Initiate of Ashenzari.
             Slain by a phantom (8 damage)
             ... on level 3 of the Dungeon.
             The game lasted 00:08:01 (3699 turns).

Eurus the Conjurer (Mummy Conjurer)                 Turns: 3699, Time: 00:08:01

Health: -3/32      AC:  5    Str: 11    XL:     4   Next: 6%
Magic:  1/9        EV: 12    Int: 15    God:    Ashenzari [......]
Gold:   302        SH:  0    Dex: 12    Spells: 6/9 levels left

rFire    x . .     SeeInvis .   d - +1 dagger (venom)
rCold    + . .     Gourm    .   (no shield)
rNeg     + + +     Faith    .   a - +0 robe
rPois    ∞         Spirit   .   f - +2 helmet (curse)
rElec    .         Reflect  .   (no cloak)
rCorr    .         Harm     .   (no gloves)
MR       .....                  (no boots)
Stlth    ++........             (no amulet)
HPRegen  0.10/turn              (no ring)
MPRegen  0.11/turn              (no ring)

@: no status effects
A: no food or potions, fire vulnerability, cold resistance 1, negative energy
resistance 3, torment resistance, unbreathing
a: Curse Item, Renounce Religion


You were on level 3 of the Dungeon.
You worshipped Ashenzari.
Ashenzari was noncommittal.
You were not hungry.

You visited 1 branch of the dungeon, and saw 4 of its levels.

You collected 302 gold pieces.

Inventory:

Hand Weapons
 d - a +1 dagger of venom (weapon)
Armour
 a - a +0 robe (worn)
 f - a cursed +2 helmet (worn)
 h - a +2 leather armour of fire resistance
 j - a +0 kite shield
Scrolls
 b - a scroll of enchant armour {unknown}
 c - 2 scrolls of teleportation {unknown}
 e - 4 scrolls of random uselessness {unknown}
 g - 2 scrolls of identify {unknown}
 i - 2 scrolls of immolation {unknown}
 k - a scroll of fear {unknown}
 l - a scroll of fog {unknown}


   Skills:
 - Level 1.2 Fighting
 * Level 0.5 Armour
 - Level 1.5 Dodging
 - Level 1.5 Stealth
 - Level 0.3 Shields
 + Level 3.4 Spellcasting
 * Level 4.0 Conjurations


You had 6 spell levels left.
You knew the following spells:

 Your Spells              Type           Power        Failure   Level  Hunger
a - Magic Dart            Conj           ##..         3%          1    N/A
b - Searing Ray           Conj           ##....       5%          2    N/A

Your spell library contained the following spells:

 Spells                   Type           Power        Failure   Level  Hunger
 Dazzling Flash           Conj/Hex       #.....       26%         3    N/A
 Fulminant Prism          Conj/Hex       #.........   63%         4    N/A
 Iskenderun's Mystic Bla  Conj/Tloc      #.......     63%         4    N/A

Dungeon Overview and Level Annotations

Branches:
Dungeon (4/15)
 Temple: D:4-7

Altars:
Ashenzari
Qazlal
Trog
Xom

Annotations:
D:2 1 runed translucent door, Crazy Yiuf
D:3 Sigmund


Innate Abilities, Weirdness & Mutations

You do not eat or drink.
Your flesh is vulnerable to fire.
You are immune to poison.
Your flesh is cold resistant. (rC+)
You are immune to negative energy. (rN+++)
You are immune to unholy pain and torment.
You can survive without breathing.


Message History

Casting: Magic Dart (safe; 3% risk of failure)
Confirm with . or Enter, or press ? or * to list all spells.
You don't have enough magic to cast that spell.
Unknown command.
The phantom blinks!
The phantom blinks!
The phantom closely misses you.
There is an escape hatch in the floor here.
You hit the phantom.
The phantom is severely damaged.
The phantom barely misses you.
Casting: Magic Dart (safe; 3% risk of failure)
Confirm with . or Enter, or press ? or * to list all spells.
Aiming: Magic Dart (safe; 3% risk of failure)
Press: ? - help, Shift-Dir - straight line, f/p - phantom
Aim: a phantom (severely damaged)
The magic dart hits the phantom.
The phantom is almost destroyed.
The phantom hits you!
You die...

....'......# #.## ....#......#
#..# ....#.###### ##.## ....#.#
#..# ....#.# ##§## ......# #..#
##### ...†..# ##.# #....
.#....###########.###########....
.####...........@W...............
..##.!############'##.###.#######
_.#...# #.###.###.# ......#
#.#....§#'## #.....# #.#.....#..#
#.....# #...._.....# ### ...####
#.#.....#..# #.) .....#
#.#....°#..# #.# ..##.#
#.###.###..# #.#


You could see a phantom.

Vanquished Creatures
  3 adders
  An adder skeleton (D:4)
  A worm (D:3)
  A leopard gecko (D:2)
  An orc (D:3)
  A ball python (D:2)
  2 giant cockroaches (D:3)
  7 goblins (D:2)
  4 hobgoblins
  2 jackals (D:3)
  4 kobolds
  A quokka (D:2)
  2 bats (D:2)
  A frilled lizard (D:2)
  6 rats
37 creatures vanquished.

Notes
Turn   | Place    | Note
-------+----------+-------------------------------------------
     0 | D:1      | Eurus the Mummy Conjurer began the quest for the Orb.
     0 | D:1      | Reached XP level 1. HP: 13/13 MP: 4/4
   295 | D:1      | Found a shimmering altar of Xom.
  1104 | D:2      | Reached XP level 2. HP: 20/20 MP: 2/5
  1213 | D:2      | Learned a level 2 spell: Searing Ray
  1480 | D:2      | Reached skill level 1 in Fighting
  1759 | D:2      | Reached XP level 3. HP: 17/26 MP: 0/7
  1875 | D:2      | Found a shattered altar of Ashenzari.
  1883 | D:2      | Became a worshipper of Ashenzari the Shackled
  2329 | D:2      | Found a runed translucent door.
  2330 | D:2      | Noticed Crazy Yiuf
  2420 | D:3      | Noticed Sigmund
  2575 | D:3      | Found a stormy altar of Qazlal.
  2658 | D:3      | Found a bloodstained altar of Trog.
  2873 | D:3      | Reached skill level 4 in Conjurations
  3045 | D:3      | Reached XP level 4. HP: 32/32 MP: 9/9
  3475 | D:4      | Noticed an ogre
  3656 | D:4      | Noticed a phantom
  3699 | D:3      | Slain by a phantom

Levels and vault maps discovered:
D:1:      dpeg_arrival_simpleton_b, layout_basic, serial_curves, eino_curves_02,
          eino_curves_02, xom_teletrap_fun
D:2:      layout_basic, evilmike_ruin_ashenzari, kennysheep_minor_cross,
          uniq_crazy_yiuf_cottage
D:3:      layout_basic, grunt_qazlal_clouds, first_ration,
          trog_three_pillars_becter, uniq_sigmund
D:4:      layout_rooms

Skill      XL: |  1  2  3 |
---------------+----------+-----
Spellcasting   | 3 |  3.4
Fighting       | 1 |  1.2
Conjurations   | 4 |  4.0
Armour         | |  0.5
Dodging        | |  1.5
Stealth        | |  1.5
Shields        | |  0.3

Action                   |  1- 3 |  4- 6 || total
-------------------------+-------+-------++-------
Melee: Dagger            |    58 |     4 ||    62
 Cast: Magic Dart        |    50 |     6 ||    56
       Searing Ray       |     2 |     3 ||     5
Invok: Curse Item        |     1 |       ||     1
 Stab: Sleeping          |     2 |       ||     2
Armor: Robe              |    22 |     2 ||    24
Dodge: Dodged            |    47 |     4 ||    51

Table legend:
 A = Non-vault XP
 B = Vault XP
 C = Vault XP percentage of total XP
 D = Non-vault monster count
 E = Vault monster count
 F = Vault count percentage of total count
                 A         B        C        D         E       F
            +---------+---------+-------+---------+---------+-------
      Total |     103 |       0 |   0.0 |      37 |       0 |   0.0
            +---------+---------+-------+---------+---------+-------
        D:1 |       6 |       0 |   0.0 |       4 |       0 |   0.0
        D:2 |      62 |       0 |   0.0 |      24 |       0 |   0.0
        D:3 |      30 |       0 |   0.0 |       8 |       0 |   0.0
        D:4 |       5 |       0 |   0.0 |       1 |       0 |   0.0
            +---------+---------+-------+---------+---------+-------
